 Dungeon Crawl Stone Soup version 0.31.0-11-ge490571c62 (webtiles) character file.

Game seed: 5463482686887678100

16588 yentook the Fighter (level 12, -10/113 HPs)
             Began as a Minotaur Berserker on Feb 3, 2024.
             Was a High Priest of Trog.
             Mangled by a red ugly thing (18 damage)
             ... on level 12 of the Dungeon.
             The game lasted 00:29:26 (15522 turns).

yentook the Fighter (Minotaur Berserker)           Turns: 15522, Time: 00:29:27

Health: -10/113    AC: 20    Str: 26    XL:     12   Next: 11%
Magic:  20/20      EV: 13    Int:  4    God:    Trog [*****.]
Gold:   138        SH:  5    Dex: 14    Spells: 11/11 levels left

rFire   . . .        C - +1 hand axe (heavy)
rCold   . . .        K - orb {*Rage}
rNeg    + . .        w - +0 shadow dragon scales
rPois   +            (helmet restricted)
rElec   .            F - +0 cloak {rCorr}
rCorr   +            (no gloves)
SInv    .            c - +0 pair of boots
Will    .....        h - amulet of reflection
Stlth   ++           o - ring of Haefryot {rN+ MP+9 Dex+3}
HPRegen 0.38/turn    v - ring of poison resistance
MPRegen 0.17/turn

%: random rage (20%), reflection
@: on berserk cooldown, slowed, very slow
A: horns 2, retaliatory headbutt
a: Renounce Religion, Berserk, Trog's Hand, Brothers in Arms


You were on level 12 of the Dungeon.
You worshipped Trog.
Trog was extremely pleased with you.
You visited 2 branches of the dungeon, and saw 13 of its levels.

You collected 903 gold pieces.
You spent 765 gold pieces at shops.

Inventory:

Hand Weapons
 C - a +1 heavy hand axe (weapon)
 Q - a +0 battleaxe of electrocution
 S - a +3 broad axe of holy wrath
Missiles
 G - a throwing net (quivered)
Armour
 c - a +0 pair of boots (worn)
 w - +0 shadow dragon scales (worn)
 F - a +0 cloak of preservation (worn)
 I - a +1 cloak
 J - an orb of mayhem
 K - an orb of wrath (worn)
Jewellery
 a - a ring of poison resistance
 h - an amulet of reflection (around neck)
 o - the ring of Haefryot (left hand) {rN+ MP+9 Dex+3}
   (You found it on level 2 of the Dungeon)

   [ring of magical power]

   Dex+3:     It affects your dexterity (+3).
   rN+:       It protects you from negative energy.
   MP+9:      It affects your magic capacity (+9).
 v - a ring of poison resistance (right hand)
 O - an amulet of magic regeneration
Wands
 y - a wand of roots (18)
 A - a wand of paralysis (13)
 L - a wand of mindburst (8)
 P - a wand of flame (10)
Scrolls
 b - 11 scrolls of identify {unknown}
 e - 2 scrolls of poison {unknown}
 g - 3 scrolls of revelation {unknown}
 i - 2 scrolls of immolation {unknown}
 j - a scroll of enchant armour {unknown}
 k - 8 scrolls of teleportation {unknown}
 l - 2 scrolls of blinking {unknown}
 p - 3 scrolls of enchant weapon {unknown}
 t - 3 scrolls of fear {unknown}
 x - 2 scrolls of fog {unknown}
 B - a scroll of acquirement {unknown}
 M - a scroll of vulnerability {unknown}
 N - a scroll of noise {unknown}
 R - a scroll of silence {unknown}
Potions
 d - 5 potions of curing {unknown}
 f - a potion of mutation {unknown}
 m - 2 potions of lignification {unknown}
 n - 3 potions of brilliance {unknown}
 q - a potion of magic {unknown}
 r - 4 potions of attraction {unknown}
 s - 2 potions of degeneration {unknown}
 u - a potion of ambrosia {unknown}
 z - 2 potions of haste {unknown}
 D - 2 potions of enlightenment {unknown}
 E - 2 potions of heal wounds {unknown}


   Skills:
 + Level 12.4 Fighting
 + Level 12.4 Axes
 + Level 12.2 Armour
 + Level 11.2 Dodging


You had 11 spell levels left.
You didn't know any spells.
Your spell library was empty.

Dungeon Overview and Level Annotations

Branches:
Dungeon (12/15)            Temple (1/1) D:5            Lair (0/5) D:11
    Orc (0/2) D:10

Altars:
Ashenzari
Cheibriados
Dithmenos
Elyvilon
Fedhas
Gozag
Hepliaklqana
Kikubaaqudgha
Makhleb
Nemelex Xobeh
Okawaru
Qazlal
Ru
Sif Muna
Trog
Uskayaw
Vehumet
Wu Jian
Xom
Yredelemnul
Zin
The Shining One

Shops:
D:11 (=*


Innate Abilities, Weirdness & Mutations

You have a pair of horns on your head.
You reflexively headbutt those who attack you in melee.


Message History

The eight-headed hydra misses you.
The eight-headed hydra barely misses you.
The eight-headed hydra bites you.
The boulder beetle leaps!
You hack one of the eight-headed hydra's heads off!
The seven-headed hydra grows two more!
You slash the nine-headed hydra!
The nine-headed hydra is severely wounded.
You hit the red ugly thing.
The red ugly thing kicks you but does no damage.
The nine-headed hydra completely misses you.
You furiously retaliate!
You headbutt the nine-headed hydra! The nine-headed hydra misses you.
The nine-headed hydra bites you but does no damage. x2
The nine-headed hydra misses you.
The nine-headed hydra bites you but does no damage. x2
The nine-headed hydra bites you!
The nine-headed hydra bites you but does no damage.
The deep elf pyromancer gestures wildly while chanting.
The deep elf pyromancer blinks!
The red ugly thing kicks you but does no damage.
The nine-headed hydra bites you but does no damage.
The nine-headed hydra barely misses you.
The nine-headed hydra bites you but does no damage. x4
The nine-headed hydra barely misses you.
The nine-headed hydra bites you but does no damage.
The nine-headed hydra bites you.
You chop one of the nine-headed hydra's heads off!
The eight-headed hydra grows two more!
You slash the ten-headed hydra!
You kill the ten-headed hydra!
Trog accepts your kill.
You hit the red ugly thing but do no damage.
The red ugly thing misses you.
The boulder beetle curls into a ball and begins rolling!
The red ugly thing kicks you.
* * * LOW HITPOINT WARNING * * *
You are engulfed in flames!!
* * * LOW HITPOINT WARNING * * *
You barely miss the red ugly thing. The red ugly thing kicks you.
* * * LOW HITPOINT WARNING * * *
You are engulfed in flames!!
You die...

. #.... .#. ...#
... ..○# ..##.B# .
#c#..# ...##...#
......u.#######
#[u......
#@e......
#..>.....
#...........# ...
#...(.......## ..
#............# #.
#............# #.
#............# #.
#............####.
#.........<.......


You could see a boulder beetle (rolling), 2 ugly things, a deep elf pyromancer
and a centaur.

Vanquished Creatures
  A hydra (D:12)
  5 two-headed ogres
  A skeletal warrior (D:12)
  Pikel (D:8)
  A cyclops (D:12)
  A manticore (D:12)
  2 gargoyles
  Jeremiah (D:8)
  A kobold demonologist (D:12)
  An unseen horror (D:10)
  A komodo dragon (D:11)
  5 trolls
  3 shadows
  A slime creature (D:12)
  14 yaks
  A wraith (D:12)
  2 hogs (D:8)
  A human (D:8)
  A steam dragon (D:10)
  Edmund (D:4)
  3 acid dragons
  2 water moccasins
  A two-headed ogre zombie (D:10)
  Duvessa (D:4)
  A black bear (D:6)
  3 ice beasts
  2 sky beasts
  3 ogres
  2 orc warriors (D:8)
  3 centaurs
  A lemure (D:8)
  2 phantoms
  3 kobold brigands
  A gnoll sergeant (D:7)
  2 bullfrogs
  3 scorpions
  8 wights (D:8)
  The ghost of Biggs the Ruffian, a weakling TrFi (D:3)
  Dowan (D:4)
  8 killer bees
  2 howler monkeys
  5 hounds
  5 jellies
  2 bombardier beetles (D:5)
  2 gnoll boudas
  10 orc priests
  Crazy Yiuf (D:7)
  3 iguanas
  A sleepcap (D:5)
  Natasha (twice) (D:2)
  10 orc wizards
  An ogre zombie (D:10)
  8 gnolls (D:7)
  10 adders
  2 white imps
  An ufetubus (D:6)
  A dart slug (D:1)
  A ribbon worm (D:2)
  14 orcs
  7 endoplasms
  A giant cockroach (D:1)
  13 goblins
  11 hobgoblins
  4 jackals (D:1)
  13 kobolds
  4 quokkas
  10 ball pythons
  6 bats
  8 frilled lizards
  4 gnoll skeletons (D:10)
  A gnoll zombie (D:10)
  2 orc skeletons (D:10)
  11 orc zombies (D:10)
  3 rats
275 creatures vanquished.

Vanquished Creatures (collateral kills)
  A phantom (D:10)
  2 troll zombies (D:10)
  4 ogre zombies (D:10)
  2 gnoll zombies (D:10)
  A gnoll skeleton (D:10)
  An orc skeleton (D:10)
  3 orc zombies (D:10)
14 creatures vanquished.

Grand Total: 289 creatures vanquished

Notes
Turn   | Place    | Note
-------+----------+-------------------------------------------
     0 | D:1      | yentook the Minotaur Berserker began the quest for the Orb.
     0 | D:1      | Reached XP level 1. HP: 19/19 MP: 0/0
   198 | D:1      | Reached XP level 2. HP: 24/27 MP: 1/1
   258 | D:1      | You fall into a shaft and drop 1 floor!
   288 | D:2      | Found a shimmering blue altar of Sif Muna.
   296 | D:2      | Reached XP level 3. HP: 15/33 MP: 2/2
   793 | D:1      | Reached ** piety under Trog
  1049 | D:2      | Reached XP level 4. HP: 40/40 MP: 3/3
  1194 | D:2      | Found a faded altar of an unknown god.
  1219 | D:2      | Noticed Natasha
  1228 | D:2      | Identified the +4 dagger of Truncation {freeze, rF+}
  1230 | D:2      | Killed Natasha
  1320 | D:2      | Identified the ring of Haefryot {rN+ MP+9 Dex+3}
  1445 | D:2      | Noticed Natasha
  1450 | D:2      | Killed Natasha
  1642 | D:3      | Found a transporter.
  1642 | D:3      | Noticed Biggs's ghost (weakling TrFi)
  1643 | D:3      | Found a transporter.
  1656 | D:3      | Reached XP level 5. HP: 44/47 MP: 4/4
  1867 | D:3      | Identified the +7 dagger of Kirphushrunt {elec, rF+ rC+
                  | rCorr Dex-5 Stlth+}
  2357 | D:3      | Killed Biggs's ghost
  2451 | D:4      | Noticed an ogre
  2467 | D:4      | Killed an ogre
  2468 | D:4      | Reached skill level 5 in Fighting
  2468 | D:4      | Reached skill level 5 in Axes
  2468 | D:4      | Reached XP level 6. HP: 56/56 MP: 5/5
  2659 | D:4      | Noticed Duvessa
  2659 | D:4      | Noticed Dowan
  2669 | D:4      | Killed Duvessa
  2670 | D:4      | Reached skill level 5 in Armour
  2670 | D:4      | Reached XP level 7. HP: 62/62 MP: 6/6
  2672 | D:4      | Killed Dowan
  2865 | D:4      | Identified the +1 sling of the Exiled Heavens {flame, rF+}
  2869 | D:4      | Found a sand-covered staircase.
  2970 | D:4      | Noticed Edmund
  2985 | D:4      | Killed Edmund
  3154 | D:5      | Entered Level 5 of the Dungeon
  3229 | D:5      | Reached skill level 5 in Dodging
  3540 | D:5      | Reached *** piety under Trog
  3854 | D:5      | Reached XP level 8. HP: 71/71 MP: 7/7
  4061 | D:5      | Found a staircase to the Ecumenical Temple.
  4121 | D:5      | Identified the +5 hand axe "Lithrucwu" {freeze, Int+3}
  4258 | Temple   | Entered the Ecumenical Temple
  5092 | D:6      | Reached XP level 9. HP: 67/81 MP: 8/8
  5243 | D:6      | Noticed a two-headed ogre
  5246 | D:6      | Noticed a troll
  5250 | D:6      | Killed a two-headed ogre
  5255 | D:6      | Killed a troll
  5509 | D:7      | Reached **** piety under Trog
  5597 | D:7      | Reached XP level 10. HP: 91/91 MP: 9/9
  6043 | D:7      | Found a runed translucent door.
  6044 | D:7      | Noticed Crazy Yiuf
  6049 | D:7      | Killed Crazy Yiuf
  6143 | D:8      | Noticed a two-headed ogre
  6165 | D:8      | Killed a two-headed ogre
  6871 | D:8      | Noticed Jeremiah
  6918 | D:8      | Reached skill level 10 in Fighting
  6919 | D:8      | Reached skill level 10 in Axes
  6930 | D:8      | Killed Jeremiah
 11751 | D:8      | Noticed Pikel
 11760 | D:8      | Killed Pikel
 11761 | D:8      | Reached skill level 10 in Armour
 11828 | D:8      | Identified the staff of Honour {rElec Str+4 Stlth+ Fire
                  | Air}
 12400 | D:9      | Reached XP level 11. HP: 101/101 MP: 10/10
 12645 | D:9      | Found a hide-covered altar of Uskayaw.
 12975 | D:10     | Entered Level 10 of the Dungeon
 13138 | D:10     | Found a staircase to the Orcish Mines.
 13374 | D:10     | Noticed a two-headed ogre
 13383 | D:10     | Killed a two-headed ogre
 13384 | D:10     | Reached skill level 10 in Dodging
 14555 | D:11     | Found Uduesips's Antique Weapon Emporium.
 14564 | D:11     | Bought a glowing broad axe for 245 gold pieces
 14640 | D:11     | Noticed a two-headed ogre
 14648 | D:11     | Killed a two-headed ogre
 14932 | D:11     | Noticed a two-headed ogre
 14933 | D:11     | Found Xeafuicraq's Assorted Antiques.
 14945 | D:11     | Killed a two-headed ogre
 14995 | D:11     | Bought a ring of poison resistance for 520 gold pieces
 15072 | D:11     | Found Ishrim's Jewellery Emporium.
 15121 | D:11     | Found a staircase to the Lair.
 15373 | D:12     | Reached ***** piety under Trog
 15484 | D:12     | Noticed a deep elf pyromancer
 15491 | D:12     | Noticed a boulder beetle
 15492 | D:12     | Noticed a skeletal warrior
 15503 | D:12     | Noticed a red ugly thing
 15506 | D:12     | Killed a skeletal warrior
 15507 | D:12     | Reached XP level 12. HP: 95/112 MP: 11/11
 15507 | D:12     | Noticed a four-headed hydra
 15521 | D:12     | Killed a ten-headed hydra
 15522 | D:12     | Mangled by a red ugly thing

Illustrated notes

Levels and vault maps discovered:
D:1:      lemuel_arrival_funnel, layout_basic
D:2:      layout_rooms, ebering_ecumenical_altar_box, basic_altar,
          minmay_vboxes, uniq_natasha
D:3:      layout_basic, gammafunk_ghost_arena
D:4:      layout_basic, enter_ossuary_2, uniq_edmund, uniq_duvessa
D:5:      layout_loops_cross, lemuel_temple_firewalk_b, serial_rivers,
          chequers_serial_rivers_small_b, chequers_serial_rivers_small_a,
          chequers_serial_rivers_micro_c, chequers_serial_rivers_large_b,
          chequers_serial_rivers_room_a, minmay_ogre_servants
D:6:      kennysheep_windowed_halls, layout_basic,
          chequers_serial_rivers_small_a
D:7:      layout_rooms, nicolae_the_louvre, uniq_crazy_yiuf_cottage
D:8:      layout_basic, grunt_livestock, uniq_pikel, uniq_jeremiah
D:9:      layout_basic, overflow_temple_1_default
D:10:     layout_layer_cave, zombieorc2_lemuel, minmay_crystal_water
D:11:     layout_cave_pools, david_lair_shrubbed, serial_shops, shop,
          nicolae_shop_advertising_works [nicolae_subvault_shop_adworks], shop,
          nicolae_twisting_strands
D:12:     layout_small_grid, serial_shops, shop, minmay_pinched_square
Temple:   minmay_crystal_snake_temple

Skill      XL: |  1  2  3  4  5  6  7  8  9 10 11 |
---------------+----------------------------------+-----
Fighting       | 4 5 6 7 9 10 12 | 12.4
Axes           | 4 5 6 7 9 10 12 | 12.4
Armour         | 3 4 5 6 7 9 10 12 | 12.2
Dodging        | 3 4 5 6 8 9 11 | 11.2

Action                     |  1- 3 |  4- 6 |  7- 9 | 10-12 || total
---------------------------+-------+-------+-------+-------++-------
  Melee: Hand axe          |    57 |    77 |   232 |   310 ||   676
         Headbutt          |    10 |    16 |    46 |    66 ||   138
         Punch             |       |       |     3 |       ||     3
 Invoke: Berserk           |       |     2 |     2 |     1 ||     5
         Brothers in Arms  |       |       |       |     1 ||     1
   Stab: Sleeping          |       |       |     6 |     2 ||     8
 Armour: Animal skin       |    33 |     4 |       |       ||    37
         Ring mail         |       |    27 |       |       ||    27
         Shadow dragon sca |       |       |   154 |   291 ||   445
         Chain mail        |       |       |    10 |       ||    10
  Dodge: Dodged            |    55 |    54 |   110 |   193 ||   412
  Block: Other             |       |    14 |    48 |    24 ||    86
         Reflection        |       |     1 |     2 |     1 ||     4
